 Dungeon Sprint DCSS version 0.30-a0-738-g116ff8c4af (webtiles) character file.

Game seed: 6242011430062161980

32 BigDaddyOpFi the Trooper (level 3, -4/54 HPs)
             Began as a Hill Orc Fighter on Feb 3, 2023.
             Was an Initiate of Jiyva.
             Slain by an iron imp (8 damage)
             ... in the Dungeon (Sprint VII: "The Pits").
             The game lasted 00:00:55 (115 turns).

BigDaddyOpFi the Trooper (Hill Orc Fighter)          Turns: 115, Time: 00:00:56

Health: -4/54      AC:  7    Str: 20    XL:     3   Next: 27%
Magic:  3/3        EV:  9    Int:  8    God:    Jiyva [......]
Gold:   0          SH:  4    Dex: 10    Spells: 2/2 levels left

rFire   . . .      SeeInvis .    a - +0 war axe
rCold   . . .      Faith    .    c - +0 buckler
rNeg    . . .      Spirit   .    b - +0 scale mail
rPois   .          Reflect  .    (no helmet)
rElec   .          Harm     .    (no cloak)
rCorr   .          Rampage  .    (no gloves)
Will    .....      NoTele   +    (no boots) Stlth
                                 (no amulet)
HPRegen 0.29/turn                (no ring)
MPRegen 0.08/turn                (no ring)

@: berserking, hasted, very quick
A: no striking features
a: Renounce Religion


You were in the Dungeon.
You worshipped Jiyva.
Jiyva was noncommittal.
You visited 1 branch

Inventory:

Hand Weapons
 a - a +0 war axe (weapon)
Armour
 b - a +0 scale mail (worn)
 c - a +0 buckler (worn)
Scrolls
 j - a scroll of blinking
Potions
 d - a potion of might
 h - 4 potions of magic
 i - 2 potions of berserk rage
 k - 2 potions of invisibility


   Skills:
 + Level 5.2 Fighting
 + Level 4.8 Axes
 + Level 4.7 Armour
 + Level 4.7 Shields


You had 2 spell levels left.
You didn't know any spells.
Your spell library was empty.

Dungeon Overview and Level Annotations

Branches:
Dungeon (1/1)

Altars:
Ashenzari
Cheibriados
Dithmenos
Elyvilon
Fedhas
Gozag
Hepliaklqana
Kikubaaqudgha
Makhleb
Nemelex Xobeh
Okawaru
Qazlal
Ru
Sif Muna
Trog
Uskayaw
Vehumet
Wu Jian
Xom
Yredelemnul
Zin
The Shining One
Beogh
Jiyva
Lugonu


Message History

You feel yourself speed up. The ufetubus completely misses you.
The ufetubus barely misses you.
The iron imp hits you but does no damage.
The ufetubus attacks as you move away! The ufetubus barely misses you.
The ufetubus closely misses you.
There is a large open door here.
The ufetubus attacks as you move away! The ufetubus hits you.
* * * LOW HITPOINT WARNING * * *
The ufetubus hits you but does no damage.
There is an open door, spattered with blood here.
You see here a frilled lizard corpse.
The ufetubus attacks as you move away! The ufetubus barely misses you.
The ufetubus closely misses you.
You barely miss the ufetubus.
The ufetubus is heavily wounded.
The ufetubus misses you.
The ufetubus hits you but does no damage.
You block the ufetubus's attack. x2
You closely miss the ufetubus.
The ufetubus is heavily wounded.
The ufetubus closely misses you.
The ufetubus hits you but does no damage.
You barely miss the ufetubus.
The ufetubus is heavily wounded.
You block the ufetubus's attack. The ufetubus misses you.
You closely miss the ufetubus.
The ufetubus is heavily wounded.
The ufetubus barely misses you. The ufetubus hits you.
* * * LOW HITPOINT WARNING * * *
A red film seems to cover your vision as you go berserk!
You feel yourself moving faster!
You feel mighty! The ufetubus hits you.
* * * LOW HITPOINT WARNING * * *
The ufetubus closely misses you.
You closely miss the ufetubus.
The ufetubus is heavily wounded.
You block the ufetubus's attack. x2
You slash the ufetubus!
You kill the ufetubus!
The iron imp hits you!
You die...

#_______...###########++
##########'##...........
#.?(.')))'.##......#..#
##########.##..........
#..........†'...........
#+#####†#####......#..#.
#..#...'.##...........
#..#...#.#####'#####+
#..#####@##.......#
#..†...#5##.......#
#..'...†.##.......#
#..########...<...# #..+
#.......# #..# #.......#
#### #.......# #########


You could see an iron imp.

Vanquished Creatures
  2 river rats (D)
  An ufetubus (D)
  A giant cockroach (D)
  4 jackals (D)
  A quokka (D)
  A frilled lizard (D)
10 creatures vanquished.

Vanquished Creatures (others)
  Dissolution (D)
  A curse toe (D)
  A Brimstone Fiend (D)
  An Ice Fiend (D)
  4 Orb Guardians (D)
  A lich (D)
  An acid blob (D)
  A rockslime (D)
  An azure jelly (D)
  A deep elf sorcerer (D)
  A ghost moth (D)
  A spriggan air mage (D)
  An eye of devastation (D)
  A slime creature (D)
  A jumping spider (shapeshifter) (D)
  A floating eye (D)
  8 jellies (D)
  2 mummies (D)
  A kobold (D)
  3 ball lightnings (D)
33 creatures vanquished.

Grand Total: 43 creatures vanquished

Notes
Turn   | Place    | Note
-------+----------+-------------------------------------------
     0 | D        | BigDaddyOpFi the Hill Orc Fighter began the quest for the
                  | Orb.
     0 | D        | Reached XP level 1. HP: 19/19 MP: 1/1
    19 | D        | Reached skill level 4 in Fighting
    22 | D        | Found a bloodstained altar of Trog.
    22 | D        | Found a shimmering blue altar of Sif Muna.
    22 | D        | Found a viscous altar of Jiyva.
    22 | D        | Found a hazy altar of Hepliaklqana.
    22 | D        | Found an opulent altar of Gozag.
    23 | D        | Found a glowing golden altar of the Shining One.
    23 | D        | Found a glowing silver altar of Zin.
    23 | D        | Found a basalt altar of Yredelemnul.
    23 | D        | Found a shimmering altar of Xom.
    23 | D        | Found an ornate altar of the Wu Jian Council.
    23 | D        | Found a sacrificial altar of Ru.
    23 | D        | Found a stormy altar of Qazlal.
    23 | D        | Found an iron altar of Okawaru.
    23 | D        | Found a sparkling altar of Nemelex Xobeh.
    23 | D        | Found a burning altar of Makhleb.
    23 | D        | Found a blossoming altar of Fedhas.
    23 | D        | Found a white marble altar of Elyvilon.
    23 | D        | Found a shadowy altar of Dithmenos.
    23 | D        | Found a snail-covered altar of Cheibriados.
    24 | D        | Found a radiant altar of Vehumet.
    24 | D        | Found a corrupted altar of Lugonu.
    24 | D        | Found a roughly hewn altar of Beogh.
    25 | D        | Found an ancient bone altar of Kikubaaqudgha.
    25 | D        | Found a hide-covered altar of Uskayaw.
    25 | D        | Found a broken altar of Ashenzari.
    30 | D        | Became a worshipper of Jiyva Juan the Shapeless
    30 | D        | Killed a spriggan air mage
    31 | D        | Killed a slime creature
    32 | D        | Killed an Orb Guardian
    33 | D        | Killed an acid blob
    37 | D        | Killed a deep elf sorcerer
    38 | D        | Killed a lich
    38 | D        | Killed Dissolution
    38 | D        | Killed an Ice Fiend
    38 | D        | Killed a Brimstone Fiend
    38 | D        | Killed an Orb Guardian
    40 | D        | Killed an Orb Guardian
    40 | D        | Killed an Orb Guardian
    40 | D        | Killed a curse toe
    40 | D        | Killed a rockslime
    43 | D        | Killed an azure jelly
    53 | D        | Killed a jumping spider
    63 | D        | Reached XP level 2. HP: 27/28 MP: 2/2
    70 | D        | Killed a ghost moth
    74 | D        | Killed an eye of devastation
    88 | D        | Killed a floating eye
    95 | D        | Reached skill level 5 in Fighting
    95 | D        | Reached XP level 3. HP: 22/36 MP: 3/3
   115 | D        | Slain by an iron imp

Illustrated notes

Levels and vault maps discovered:
D:        pitsprint [storerooms_1, entrance_room_1, metal_vault_8, armoury_1,
          mini_pit_1, grid_room_1, main_hall_1, silver_pit, the_coven_1,
          the_vestibule_1, steel_vault_2, golden_pit, hallway_of_sentries,
          crystal_vault_2, iron_vault_3, final_vault]

Skill      XL: |  1  2 |
---------------+-------+-----
Axes           | 4 |  4.8
Fighting       | 4 5 |  5.2
Armour         | 4 |  4.7
Shields        | 4 |  4.7

Action                     || total
---------------------------++-------
  Melee: War axe           ||    38
    Use: Potion            ||     4
 Armour: Scale mail        ||    34
  Dodge: Dodged            ||    53
  Block: Buckler           ||    18

Table legend: (Time is in decaauts)
 A = Elapsed time spent in this place.
 B = Non-inter-level travel time spent in this place.
 C = Inter-level travel time spent in this place.
 D = Time resting spent in this place.
 E = Time spent auto-exploring this place.
 F = Levels seen in this place.
 G = Mean time per level.
                   A        B        C        D        E       F      G
               +--------+--------+--------+--------+--------+-----+--------+
         Total |    122 |    122 |      0 |      0 |      0 |   1 |  122.0 |
       Dungeon |    122 |    122 |      0 |      0 |      0 |   1 |  122.0 |
               +--------+--------+--------+--------+--------+-----+--------+

Top non-repeatable levels by time:
       D: 122 daAuts
